cohdb
Replays
Latest Replays
All Replays
Popular Replays
Top Player Replays
Match Explorer
How It Works
Community
CoH3 Stats
Reddit
Sign in to upload your games and track your stats! →
Sign in with Steam
Match 44425870
Unlisted
Match 44425870
Overview
Messages
Build Orders
End
Kettenkrad Recon Vehicle
Construct Infanterie Kompanie
Selects Terror Battlegroup
Selects Machine Gun Camouflage
MG 42 Machine Gun Team
GrW 34 Mortar Team
Grenadier Squad
Construct Luftwaffe Kompanie
Flak 30 Anti-aircraft Gun Team
Jäger Squad
Medical Station
Support Elements
Grenadier Squad
Selects Defend the Fatherland
Wirbelwind Flakpanzer
Jäger Squad
Luftwaffe Officer Quarters
Jäger Squad
Wirbelwind Flakpanzer
rourke
Otis Veit
RhumsteaK
King Raptor
Krusty
Gorilla Whale
[SDC] McOmghall
hutsellblake
0
0
Comments
sign in to comment!
No comments posted yet!